 Dungeon Crawl Stone Soup version 0.25-a0-589-g1e14c549ee (webtiles) character file.

Game seed: 10973693536804614874, levelgen mode: deterministic

4232 Flugslaktarn the Cleaver (level 10, -9/91 HPs)
             Began as a Deep Dwarf Fighter on Mar 10, 2020.
             Was an Elder of Makhleb.
             Splashed by Maurice's acid (14 damage)
             ... on level 8 of the Dungeon.
             The game lasted 00:04:04 (4549 turns).

Flugslaktarn the Cleaver (Deep Dwarf Fighter)       Turns: 4549, Time: 00:04:04

Health: -9/91      AC:  4    Str: 22    XL:     10   Next: 9%
Magic:  10/10      EV:  4    Int: 10    God:    Makhleb [****..]
Gold:   134        SH: 11    Dex: 12    Spells: 9/9 levels left

rFire    . . .     SeeInvis +   j - +0 broad axe
rCold    . . .     Gourm    .   r - +2 kite shield
rNeg     . . .     Faith    .   n - +0 plate armour
rPois    .         Spirit   .   (no helmet)
rElec    .         Reflect  .   u - +0 cloak
rCorr    .         Harm     .   (no gloves)
MR       +....                  (no boots)
Stlth    ..........             (no amulet)
HPRegen  0.00/turn              i - ring of see invisible
MPRegen  0.12/turn              (no ring)

@: corroded, non-regenerating, very heavily drained
A: damage resistance, heal wounds, sense surroundings 2, no regeneration
a: Heal Wounds, Minor Destruction, Lesser Servant of Makhleb, Major Destruction,
Renounce Religion


You were on level 8 of the Dungeon.
You worshipped Makhleb.
Makhleb was greatly pleased with you.
You were hungry.

You visited 2 branches of the dungeon, and saw 9 of its levels.
You also visited: Bailey.

You collected 134 gold pieces.

Inventory:

Hand Weapons
 a - a +0 war axe
 j - a +0 broad axe (weapon)
   (You took it off an orc warrior in a bailey)
Armour
 n - a +0 plate armour (worn)
   (You took it off an orc warrior in a bailey)
 r - a +2 kite shield (worn)
   (You took it off an orc on level 7 of the Dungeon)
 u - a +0 cloak (worn)
   (You found it on level 8 of the Dungeon)
Jewellery
 i - a ring of see invisible (left hand)
   (You found it on level 4 of the Dungeon)
Scrolls
 c - a scroll of silence {unknown}
 l - 2 scrolls of magic mapping
 t - 3 scrolls of teleportation
 x - 3 scrolls of remove curse
Potions
 d - a potion of might
 f - 2 potions of flight
 g - 2 potions of stabbing {unknown}
 h - 2 potions of lignification
 k - a potion of cancellation
 m - a potion of berserk rage {unknown}
 o - a potion of invisibility {unknown}
 p - 2 potions of mutation
Comestibles
 e - 14 rations
 q - 6 chunks of flesh


   Skills:
 + Level 6.2(2.7) Fighting
 * Level 9.8(6.0) Axes
 + Level 7.4(3.8) Armour
 + Level 7.5(3.9) Shields
 + Level 6.7(3.2) Invocations


You had 9 spell levels left.
You didn't know any spells.
Your spell library was empty.

Dungeon Overview and Level Annotations

Branches:
Dungeon (8/15)             Temple (1/1) D:4            Lair (0/6) D:8
 Bailey (visited)

Altars:
Cheibriados
Dithmenos
Fedhas
Hepliaklqana
Kikubaaqudgha
Makhleb
Okawaru
Qazlal
Ru
Yredelemnul

Annotations:
D:8 Maurice


Innate Abilities, Weirdness & Mutations

You are resistant to damage.
You can heal yourself by infusing magical energy.
You passively map the area around you.
You do not regenerate.


Message History

Maurice is moderately wounded.
You block Maurice's attack.
You slice Maurice!!
Maurice is heavily wounded.
Maurice zaps a wand.
The bolt of acid hits you! The acid corrodes you!
You are splashed with acid.
You closely miss Maurice.
Maurice is heavily wounded.
You block Maurice's attack.
Maurice zaps a wand.
The bolt of acid hits you.
You are splashed with acid!
You closely miss Maurice.
Maurice is heavily wounded.
Maurice hits you but does no damage.
You feel drained.
Your plate armour prevents you from hitting Maurice.
Maurice is heavily wounded.
Maurice is no longer moving quickly.
Maurice zaps a wand.
The bolt of acid hits you!!
* * * LOW HITPOINT WARNING * * *
The acid corrodes you!
You are splashed with acid!
You die...

.####.#..........รท.....##
,, ......##..............##
, ,
.............##.#####.....,
, .##..#.......#..# #.###.#
*, , ...........=....###
..#...* ,,
.#................##>#...#
.#........................
,
...<#.....................,
,
...###.....?....@>.#......
, ...#
,..........@#.#......, , ,
..># ...........#..#.$...
*, .#.# .....#.............
* .#. * ..................,
.#.* .#..#............, ,
,#.* #..##.......... , , ,
..# #....). , , , *,, ,, ,,


You could see Maurice (invisible).

Vanquished Creatures
  An ugly thing (D:8)
  A troll (D:6)
  Sigmund (D:3)
  4 hogs (D:7)
  A human (D:7)
  2 phantoms
  4 orc warriors (Bailey)
  2 ice beasts (D:7)
  3 centaurs
  An ogre (D:6)
  3 bullfrogs
  A big kobold (D:5)
  2 scorpions (D:5)
  A howler monkey (D:3)
  A bullfrog zombie (D:6)
  A centaur zombie (D:6)
  2 hounds
  5 jellies
  6 orc priests
  11 orc wizards
  3 worker ants
  5 iguanas
  A hound zombie (D:6)
  2 hound skeletons
  12 gnolls
  6 adders
  2 shadow imps
  An ooze (D:4)
  An adder skeleton (D:5)
  2 worms
  3 leopard geckos
  35 orcs
  4 giant cockroaches
  4 goblins
  5 hobgoblins
  9 jackals
  49 kobolds
  3 quokkas
  3 bats (D:3)
  2 frilled lizards (D:2)
  2 quokka zombies
207 creatures vanquished.

Notes
Turn   | Place    | Note
-------+----------+-------------------------------------------
     0 | D:1      | Flugslaktarn the Deep Dwarf Fighter began the quest for the
                  | Orb.
     0 | D:1      | Reached XP level 1. HP: 20/20 MP: 1/1
   218 | D:3      | Reached XP level 2. HP: 27/27 MP: 2/2
   304 | D:3      | Noticed Sigmund
   307 | D:3      | Noticed a howler monkey
   315 | D:3      | Killed a howler monkey
   315 | D:3      | Reached skill level 3 in Axes
   315 | D:3      | Reached XP level 3. HP: 16/34 MP: 3/3
   322 | D:3      | Killed Sigmund
   322 | D:3      | Reached skill level 4 in Axes
   322 | D:3      | Reached XP level 4. HP: 20/42 MP: 4/4
   322 | D:3      | Reached XP level 5. HP: 23/49 MP: 5/5
   401 | D:4      | Reached XP level 6. HP: 33/56 MP: 6/6
   566 | D:4      | Reached skill level 5 in Axes
   608 | D:4      | Found a staircase to the Ecumenical Temple.
   624 | Temple   | Entered the Ecumenical Temple
   690 | Temple   | Became a worshipper of Makhleb the Destroyer
   739 | D:4      | You fall into a shaft and drop 1 floor!
   739 | D:5      | Entered Level 5 of the Dungeon
   933 | D:4      | Reached skill level 1 in Invocations
  1093 | D:4      | Reached XP level 7. HP: 44/63 MP: 6/8
  1315 | D:5      | Reached skill level 5 in Shields
  1491 | D:5      | Reached skill level 5 in Armour
  1655 | D:5      | Reached skill level 6 in Axes
  1708 | D:5      | Found a shadowy altar of Dithmenos.
  1753 | D:5      | Reached * piety under Makhleb
  2134 | D:5      | Reached ** piety under Makhleb
  2158 | D:5      | Reached XP level 8. HP: 57/73 MP: 10/10
  2525 | D:6      | Reached skill level 7 in Axes
  2821 | D:6      | Found a sacrificial altar of Ru.
  2980 | D:6      | Reached skill level 5 in Fighting
  3041 | D:6      | Noticed a troll
  3067 | D:6      | Killed a troll
  3067 | D:6      | Reached skill level 8 in Axes
  3375 | D:7      | Gained mutation: You passively map the area around you.
                  | [Deep Dwarf growth]
  3375 | D:7      | Reached XP level 9. HP: 56/81 MP: 11/11
  3387 | D:7      | Reached skill level 5 in Invocations
  3447 | D:7      | Found a flagged portal.
  3468 | D:7      | Reached *** piety under Makhleb
  3476 | Bailey   | Entered a bailey
  4014 | D:7      | Reached skill level 9 in Axes
  4098 | D:7      | Reached **** piety under Makhleb
  4331 | D:8      | Found a staircase to the Lair.
  4356 | D:8      | Noticed a green ugly thing
  4390 | D:8      | Killed a green ugly thing
  4390 | D:8      | Reached XP level 10. HP: 63/91 MP: 8/10
  4508 | D:8      | Noticed Maurice
  4549 | D:8      | Splashed by Maurice's acid

Levels and vault maps discovered:
D:1:      elethiomel_arrival_shortcut, layout_basic
D:2:      layout_basic, minmay_misc_feat_room, minmay_increasing_density
D:3:      layout_loops_cross, nemelex_xobeh_ov_fountains_minmay,
          minmay_statues_item, fedhas_altar_4, uniq_sigmund
D:4:      layout_gridville, minmay_temple_entry_glass, first_ration
D:5:      minmay_goblin_kobold_castle, layout_gridville, st_stairs_8,
          grunt_dithmenos_shadows
D:6:      minmay_skewed_foursquare, layout_basic,
          hangedman_abyss_or_decor_stabs, nicolae_ru_awakened_eye
D:7:      layout_gridville, enter_bailey_1, grunt_livestock
D:8:      layout_rooms, lair_entry_dummy, basic_altar, minmay_microvault,
          uniq_maurice
Temple:   minmay_crystal_snake_temple

Skill      XL: |  1  2  3  4  5  6  7  8  9 |
---------------+----------------------------+-----
Fighting       | 3 4 5 6 |  6.2
Axes           | 3 4 5 6 8 9 |  9.8
Armour         | 4 5 6 7 |  7.4
Shields        | 4 5 6 7 |  7.5
Invocations    | 1 3 4 6 |  6.7

Action                   |  1- 3 |  4- 6 |  7- 9 | 10-12 || total
-------------------------+-------+-------+-------+-------++-------
Melee: War axe           |    53 |   114 |   392 |       ||   559
       Broad axe         |       |       |   177 |    36 ||   213
 Abil: Heal Wounds       |     2 |     7 |    26 |     1 ||    36
Evoke: Wand              |       |       |     2 |       ||     2
  Use: Scroll            |       |     1 |     8 |       ||     9
       Potion            |       |       |     2 |       ||     2
  Eat: Chunk             |       |     1 |    12 |       ||    13
Armor: Scale mail        |    40 |    55 |   201 |       ||   296
       Plate armour      |       |       |    56 |    17 ||    73
Dodge: Dodged            |    26 |    49 |   178 |     1 ||   254
Block: Kite shield       |    39 |    75 |   410 |    21 ||   545

Table legend:
 A = Non-vault XP
 B = Vault XP
 C = Vault XP percentage of total XP
 D = Non-vault monster count
 E = Vault monster count
 F = Vault count percentage of total count
                 A         B        C        D         E       F
            +---------+---------+-------+---------+---------+-------
      Total |    3039 |    3007 |  49.7 |     127 |      80 |  38.6
            +---------+---------+-------+---------+---------+-------
        D:1 |       2 |       0 |   0.0 |       1 |       0 |   0.0
        D:2 |       6 |       0 |   0.0 |       4 |       0 |   0.0
        D:3 |      89 |     205 |  69.7 |      14 |       1 |   6.7
        D:4 |     425 |       0 |   0.0 |      27 |       0 |   0.0
        D:5 |     464 |     369 |  44.3 |      29 |      44 |  60.3
        D:6 |     893 |     337 |  27.4 |      20 |       3 |  13.0
        D:7 |     930 |     970 |  51.1 |      21 |       5 |  19.2
        D:8 |     230 |     536 |  70.0 |      11 |       1 |   8.3
     Bailey |       0 |     590 | 100.0 |       0 |      26 | 100.0
            +---------+---------+-------+---------+---------+-------
